 Dungeon Crawl Stone Soup version 0.30.1-11-g7821555f0a (webtiles) character file.

Game seed: 15286233424622679634

8980 Zirtrex the Zephyrmancer (level 11, -2/102 HPs)
             Began as a Meteoran Air Elementalist on Jan 13, 2024.
             Was an Elder of Vehumet.
             Slain by an elephant (3 damage)
             ... on level 1 of the Lair of Beasts.
             The game lasted 00:53:04 (4865 turns).

Zirtrex the Zephyrmancer (MeAE)                     Turns: 4865, Time: 00:53:04

Health: -2/102     AC:  9    Str: 10    XL:     11   Next: 97%
Magic:  29/29      EV: 13    Int: 22    God:    Vehumet [****..]
Gold:   1154       SH:  0    Dex: 20    Spells: 25/36 levels left

rFire   . . .        J - +5 woodcutter's axe
rCold   + . .        (shield currently unavailable)
rNeg    . . .        q - +1 robe {rC+}
rPois   .            o - +0 helmet
rElec   .            (no cloak)
rCorr   .            r - +2 pair of gloves
SInv    .            O - +1 pair of boots
Will    +....        (no amulet)
Stlth   +            x - ring of willpower
HPRegen 0.37/turn    E - +6 ring of dexterity
MPRegen 0.21/turn

%: no passive effects
@: brilliant, weak-willed, glowing
A: sense surroundings 2, otherworldly, glowing, explore regen, no potion heal 1
a: Renounce Religion


You were on level 1 of the Lair of Beasts.
You worshipped Vehumet.
Vehumet was greatly pleased with you.
You visited 2 branches of the dungeon, and saw 12 of its levels.

You collected 1154 gold pieces.

Inventory:

Hand Weapons
 n - a +0 whip of electrocution
 p - a +3 flail of freezing
 J - the +5 woodcutter's axe (weapon)
   (You found it on level 9 of the Dungeon)
Missiles
 l - 2 throwing nets (quivered)
Armour
 o - a +0 helmet (worn)
 q - a +1 robe of cold resistance (worn)
 r - a +2 pair of gloves (worn)
 s - the +0 leather armour of Indomitability {Dex+3}
   (You found it on level 11 of the Dungeon)

   Dex:       It affects your dexterity (+3).
 O - a +1 pair of boots (worn)
Magical Staves
 M - a staff of air
Jewellery
 j - a ring of ice
 x - a ring of willpower (left hand)
 E - a +6 ring of dexterity (right hand)
Wands
 e - a wand of flame (32)
 k - a wand of polymorph (12)
 v - a wand of roots (20)
 L - a wand of mindburst (3)
 Q - a wand of paralysis (4)
Scrolls
 d - 5 scrolls of immolation
 f - 4 scrolls of enchant armour
 i - 5 scrolls of fog
 m - a scroll of amnesia
 I - a scroll of torment
Potions
 b - 3 potions of magic
 h - 2 potions of flight
 z - 3 potions of might
 G - a potion of invisibility


   Skills:
 + Level 11.1 Fighting
 - Level 0.4 Short Blades
 - Level 2.4 Dodging
 - Level 1.4 Stealth
 + Level 13.1 Spellcasting
 - Level 1.7 Conjurations
 + Level 13.3 Air Magic


You had 25 spell levels left.
You knew the following spells:

 Your Spells              Type           Power      Damage    Failure   Level
a - Shock                 Conj/Air       100%       1d9       1%          1
b - Swiftness             Air            83%        N/A       1%          3
c - Airstrike             Air            41%        2d(6-22)  1%          4
d - Stone Arrow           Conj/Erth      54%        3d10      2%          3

Your spell library contained the following spells:

 Spells                   Type           Power      Damage    Failure   Level
 Static Discharge         Conj/Air       100%       2-7/arc   1%          2
 Call Canine Familiar     Summ           21%        N/A       13%         3
 Gell's Gravitas          Tloc           21%        N/A       13%         3
 Portal Projectile        Hex/Tloc       42%        N/A       13%         3
 Teleport Other           Tloc           21%        N/A       13%         3
 Tukima's Dance           Hex            21%        N/A       13%         3
 Leda's Liquefaction      Hex/Erth       10%        N/A       41%         4
 Blade Hands              Tmut           10%        N/A       77%         5
 Dispersal                Tloc           10%        N/A       100%        6


Dungeon Overview and Level Annotations

Branches:
Dungeon (11/15) Zot: 1861    Lair (1/5) D:10 Zot: 494     Orc (0/2) D:9
 Temple: D:4-7

Altars:
Ashenzari
Elyvilon
Fedhas
Kikubaaqudgha
Makhleb
Nemelex Xobeh
Trog
Uskayaw
Vehumet
Wu Jian

Shops:
D:9 =

Portals:
Ice
Cave: D:11

Annotations:
D:8 1 runed translucent door, Kazon's ghost, novice NaFi
Lair:1 1 transporter


Innate Abilities, Weirdness & Mutations

You passively map the area around you.
You are easily found by Zot.
You glow in the dark.
You regain HP and MP as you explore.
Potions are less effective at restoring your health.


Message History

The bullfrog releases a deep croak.
The cane toad stings you but does no damage.
The bullfrog hits you but does no damage.
The elephant barely misses you.
The elephant trunk-slaps you but does no damage.
The elephant tramples you!
* * * LOW HITPOINT WARNING * * *
You hold your ground!
The elephant trunk-slaps you but does no damage.
Your system partially rejects the healing.
You feel better. The bullfrog misses you. The cane toad closely misses you.
The elephant barely misses you.
The elephant trunk-slaps you but does no damage.
The elephant tramples you but does no damage.
The elephant trunk-slaps you but does no damage.
You closely miss the cane toad.
The cane toad is moderately wounded.
You hit the elephant. You barely miss the bullfrog. You slash the elephant!
The bullfrog hits you.
* * * LOW HITPOINT WARNING * * *
The cane toad closely misses you. The bullfrog closely misses you.
The elephant barely misses you. The elephant trunk-slaps you.
* * * LOW HITPOINT WARNING * * *
The elephant barely misses you. The elephant trunk-slaps you.
* * * LOW HITPOINT WARNING * * *
Okay, then.
Okay, then.
Casting: Airstrike (safe; 1% risk of failure)
Confirm with . or Enter, or press ? or * to list all spells.
Okay, then.
You slash the cane toad!
The cane toad is heavily wounded.
You slash the elephant! You hit the elephant. You hit the bullfrog.
The cane toad completely misses you. The bullfrog misses you.
The elephant tramples you!
* * * LOW HITPOINT WARNING * * *
You hold your ground!
The elephant closely misses you.
The elephant tramples you but does no damage.
The elephant trunk-slaps you.
You die...

*#.......h...F................
, #.........F.................
, #h....##.###......$.........
# #...........#...............
,.P#.[...+.....#...............
*
,........#.....#...............
###.....#....F#........Y......
* #.....+..FFY#...............
*###.....#..YF@YY..............
,
........###Y###S..............
,
.........YS...................
,...!..........................
,
,............................##
,
.........Y..................##
,,
.....##..##P.#..............#w
.#...*.YY.......... , , , ##
P...#.......#....., , ♣


You could see 3 elephants, 3 yaks, 2 cane toads, 2 water moccasins and 2
bullfrogs.

Vanquished Creatures
  Fannar (D:11)
  A two-headed ogre (D:11)
  An elephant (Lair:1)
  A cane toad (Lair:1)
  2 komodo dragons
  2 rime drakes (D:11)
  A troll (D:11)
  4 wyverns
  6 yaks
  Grum (D:11)
  Eustachio (D:4)
  A steam dragon (D:9)
  Edmund (D:4)
  A water moccasin (D:7)
  3 orc warriors
  9 wolves
  A centaur (D:11)
  An ogre (D:5)
  2 kobold brigands
  2 gnoll sergeants
  2 bullfrogs
  3 scorpions
  4 wights (D:7)
  9 killer bees (D:9)
  4 howler monkeys
  3 jellies
  12 orc priests
  A gnoll bouda (D:9)
  5 iguanas
  12 orc wizards
  14 gnolls
  5 adders
  2 white imps
  2 ufetubi
  2 dart slugs
  40 orcs
  11 ball pythons
  5 bats
  9 endoplasms
  6 goblins
  8 hobgoblins
  12 kobolds
  3 frilled lizards
  7 rats
223 creatures vanquished.

Notes
Turn   | Place    | Note
-------+----------+-------------------------------------------
     0 | D:1      | Zirtrex the Meteoran Air Elementalist began the quest for
                  | the Orb.
     0 | D:1      | Reached XP level 1. HP: 14/14 MP: 5/5
    46 | D:1      | Reached XP level 2. HP: 20/20 MP: 0/6
   183 | D:1      | Reached XP level 3. HP: 26/26 MP: 3/8
   306 | D:2      | Learned a level 3 spell: Swiftness
   329 | D:2      | Found Arodonk's General Store.
   583 | D:2      | Reached XP level 4. HP: 33/33 MP: 4/10
   589 | D:2      | Learned a level 4 spell: Airstrike
   712 | D:3      | Found a white marble altar of Elyvilon.
   925 | D:3      | Found an ancient bone altar of Kikubaaqudgha.
   926 | D:3      | Found a hide-covered altar of Uskayaw.
   926 | D:3      | Found a sparkling altar of Nemelex Xobeh.
   926 | D:3      | Found a bloodstained altar of Trog.
   927 | D:3      | Found an ornate altar of the Wu Jian Council.
   928 | D:3      | Found a blossoming altar of Fedhas.
   929 | D:3      | Found a radiant altar of Vehumet.
   943 | D:3      | Became a worshipper of Vehumet
   988 | D:3      | Found a faded altar of an unknown god.
  1048 | D:4      | Reached skill level 5 in Air Magic
  1048 | D:4      | Reached XP level 5. HP: 38/38 MP: 5/12
  1090 | D:4      | Reached XP level 6. HP: 60/60 MP: 7/19
  1096 | D:4      | Reached skill level 10 in Air Magic
  1108 | D:4      | Noticed Eustachio
  1119 | D:4      | Reached XP level 7. HP: 60/66 MP: 11/21
  1123 | D:4      | Killed Eustachio
  1239 | D:4      | Noticed Edmund
  1242 | D:4      | Killed Edmund
  1243 | D:4      | Reached skill level 10 in Spellcasting
  1277 | D:4      | Reached XP level 8. HP: 73/73 MP: 20/23
  1299 | D:5      | Entered Level 5 of the Dungeon
  1346 | D:5      | Reached * piety under Vehumet
  1346 | D:5      | Offered knowledge of Kiss of Death by Vehumet.
  1561 | D:6      | Gained mutation: You passively map the area around you.
                  | [Meteoran growth]
  1561 | D:6      | Reached XP level 9. HP: 67/81 MP: 14/24
  1979 | D:6      | Offered knowledge of Sandblast by Vehumet.
  2123 | D:6      | Reached ** piety under Vehumet
  2422 | D:8      | Found a burning altar of Makhleb.
  2594 | D:8      | Reached XP level 10. HP: 76/90 MP: 9/26
  2631 | D:8      | Offered knowledge of Searing Ray by Vehumet.
  2740 | D:8      | Found a runed translucent door.
  2745 | D:8      | Noticed Kazon's ghost (novice NaFi)
  2883 | D:8      | Found a broken altar of Ashenzari.
  2978 | D:9      | Found a staircase to the Orcish Mines.
  3037 | D:9      | Found the +5 woodcutter's axe
  3203 | D:9      | Reached *** piety under Vehumet
  3267 | D:9      | Found Ubopruij's Jewellery Boutique.
  3466 | D:9      | Offered knowledge of Ignite Poison by Vehumet.
  3520 | D:10     | Entered Level 10 of the Dungeon
  3789 | D:11     | Noticed a two-headed ogre
  3793 | D:11     | Killed a two-headed ogre
  3954 | D:11     | Noticed Grum
  3955 | D:11     | Noticed a komodo dragon
  3967 | D:11     | Reached skill level 10 in Fighting
  3967 | D:11     | Reached XP level 11. HP: 88/99 MP: 25/28
  3976 | D:11     | Killed Grum
  4040 | D:11     | Found a frozen archway.
  4050 | D:11     | Reached **** piety under Vehumet
  4104 | D:11     | Noticed Fannar
  4119 | D:11     | Killed Fannar
  4201 | D:11     | Identified a scroll of acquirement
  4201 | D:11     | Acquired 667 gold pieces
  4226 | D:11     | Identified the +0 leather armour of Indomitability {Dex+3}
  4384 | D:10     | Found a staircase to the Lair.
  4697 | D:10     | Offered knowledge of Stone Arrow by Vehumet.
  4705 | D:10     | Learned a level 3 spell: Stone Arrow
  4737 | Lair:1   | Entered Level 1 of the Lair of Beasts
  4768 | Lair:1   | Noticed an elephant
  4777 | Lair:1   | Noticed an elephant
  4778 | Lair:1   | Noticed an elephant
  4779 | Lair:1   | Killed an elephant
  4782 | Lair:1   | Noticed an elephant
  4782 | Lair:1   | Noticed an elephant
  4803 | Lair:1   | Found a transporter.
  4856 | Lair:1   | Gained mutation: Potions are less effective at restoring
                  | your health. [potion of mutation]
  4865 | Lair:1   | HP: 1/102 [elephant (10)]
  4865 | Lair:1   | Slain by an elephant

Illustrated notes

Levels and vault maps discovered:
D:1:      co_arrival_square_in_a_square_in_a_square, layout_loops_cross
D:2:      layout_loops_ring, serial_shops, nicolae_shop_back_alley_shop,
          minmay_goblin_kobold_house
D:3:      layout_loops_ring, elyvilon_altar_1, grunt_temple_overflow_open,
          hellmonk_ecumenical_altar_pennies_from_heaven, minmay_misc_feat_plants
D:4:      layout_basic, uniq_eustachio, uniq_edmund
D:5:      layout_cave_pools
D:6:      layout_loops_ring, minmay_crystal_water, nrook_mini_vaults,
          minmay_fractal_squares_gapless_5, uniq_blork_the_orc
D:7:      layout_loops_ring, minmay_temple_entry_drinking_statues
D:8:      layout_loops_cross, ashenzari_altar_1,
          mainiacjoe_overflow_surrounded_room, ebering_ghost_reflecting_pool
D:9:      layout_irregular_city, minmay_orc_entry_temple_small, serial_rivers,
          chequers_serial_rivers_micro_c, chequers_serial_rivers_small_3,
          chequers_serial_rivers_micro_d, chequers_serial_rivers_room_a,
          chequers_serial_rivers_small_3, chequers_serial_rivers_marsh,
          serial_shops, shop, kennysheep_mini_moat, kennysheep_donut,
          jiyva_altar_1
D:10:     layout_loops_ring, david_lair_shrubbed, due_unseen_surprise
D:11:     layout_rooms, portal_ice_cave_rime, uniq_fannar, uniq_grum
Lair:1:   gammafunk_worm_tunnel, layout_regular_city, st_stairs_6,
          beast_lair_carwin_6, grunt_megastairs_1

Skill      XL: |  1  2  3  4  5  6  7  8  9 10 11 |
---------------+----------------------------------+-----
Air Magic      | 4 5 9 10 11 12 13 | 13.3
Spellcasting   | 3 4 9 10 11 12 13 | 13.1
Fighting       | 7 8 10 11 | 11.1
Short Blades   | |  0.4
Dodging        | |  2.4
Stealth        | |  1.4
Conjurations   | |  1.7

Action                     |  1- 3 |  4- 6 |  7- 9 | 10-12 || total
---------------------------+-------+-------+-------+-------++-------
  Melee: Short sword       |    11 |       |       |       ||    11
         Battleaxe         |       |       |       |    12 ||    12
         Flail             |       |       |       |     2 ||     2
         Staff             |       |       |       |     2 ||     2
   Cast: Shock             |    52 |    58 |    91 |    77 ||   278
         Airstrike         |       |     2 |    58 |   106 ||   166
  Evoke: Wand              |       |       |       |    10 ||    10
    Use: Scroll            |       |     5 |     4 |    15 ||    24
         Potion            |       |     1 |       |    14 ||    15
 Armour: Robe              |    10 |     3 |    47 |    56 ||   116
  Dodge: Dodged            |    15 |    10 |    54 |   101 ||   180
